 Dungeon Crawl Stone Soup version 0.29.1-12-g30fa7ad0bf (webtiles) character file.

Game seed: 12464989042448018674

3810 Radix the Geomancer (level 10, -11/61 HPs)
             Began as a Gargoyle Earth Elementalist on Jan 5, 2023.
             Engulfed by a cloud of flame (19 damage)
             ... on level 9 of the Dungeon.
             The game lasted 00:32:29 (7994 turns).

Radix the Geomancer (Gargoyle Earth Elementalist)   Turns: 7994, Time: 00:32:29

Health: -11/61     AC: 12    Str: 12    XL:     10   Next: 17%
Magic:  18/19      EV: 11    Int: 26    God:
Gold:   537        SH:  0    Dex: 10    Spells: 18/22 levels left

rFire   . . .      SeeInvis .   x - +5 flail (elec)
rCold   . . .      Faith    .   (no shield)
rNeg    + . .      Spirit   .   a - +0 robe
rPois   ∞          Reflect  .   n - +0 helmet
rElec   +          Harm     .   J - +0 cloak
rCorr   .          Rampage  .   (no gloves)
Will    .....                   p - +0 pair of boots
Stlth   ++........              O - amulet of magic regeneration
HPRegen 0.20/turn               s - +4 ring of slaying
MPRegen 0.56/turn               E - +6 ring of intelligence

@: studying Short Blades
A: sickness immunity, AC +7, negative energy resistance 1, electricity
resistance, torment resistance 1, petrification resistance
a: no special abilities


You were on level 9 of the Dungeon.
You visited 2 branches of the dungeon, and saw 10 of its levels.

You collected 537 gold pieces.

Inventory:

Hand Weapons
 e - a +1 whip of electrocution
 x - a +5 flail of electrocution (weapon)
 I - the +3 falchion of the Flying Asp {elec, Will++ Str+5 Int-2}
   (You found it on level 7 of the Dungeon)

   It occasionally discharges a powerful burst of electricity upon striking a
   foe.
   Str:       It affects your strength (+5).
   Int:       It affects your intelligence (-2).
   Will:      It greatly increases your willpower.
Armour
 a - a +0 robe (worn)
 n - a +0 helmet (worn)
 p - a +0 pair of boots (worn)
 J - a +0 cloak (worn)
Jewellery
 j - a +6 ring of strength
 s - a +4 ring of slaying (left hand)
 t - an amulet of the acrobat
 u - a ring of see invisible
 z - a ring of protection from fire
 C - a +4 ring of slaying
 E - a +6 ring of intelligence (right hand)
 F - an amulet of faith
 G - an amulet of guardian spirit
 O - an amulet of magic regeneration (around neck)
Wands
 w - a wand of flame (14)
 D - a wand of roots (10)
 M - a wand of charming (8)
 N - a wand of polymorph (12)
 P - a wand of mindburst (6)
Scrolls
 g - a scroll of immolation
 l - 5 scrolls of teleportation
 m - a scroll of silence
 o - 3 scrolls of blinking
 y - a scroll of brand weapon
 B - 2 scrolls of identify
 K - a scroll of fear
Potions
 b - a potion of magic
 c - a potion of berserk rage
 d - a potion of might
 f - 4 potions of curing
 h - 4 potions of mutation
 i - 3 potions of flight
 k - 3 potions of haste
 q - a potion of heal wounds
 r - 3 potions of degeneration {unknown}
 v - a potion of resistance {unknown}
 A - a potion of lignification {unknown}
 H - a potion of invisibility {unknown}
 L - a potion of cancellation {unknown}


   Skills:
 + Level 6.4 Fighting
 + Level 5.9 Maces & Flails
 - Level 1.5 Dodging
 - Level 2.1 Stealth
 + Level 6.5 Spellcasting
 + Level 6.9 Conjurations
 - Level 0.7 Transmutations
 + Level 8.8 Earth Magic


You had 18 spell levels left.
You knew the following spells:

 Your Spells              Type           Power      Damage    Failure   Level
a - Sandblast             Erth           100%       2d20      1%          1
b - Stone Arrow           Conj/Erth      98%        3d13      1%          3

Your spell library contained the following spells:

 Spells                   Type           Power      Damage    Failure   Level
 Passwall                 Tmut/Erth      27%        N/A       1%          2
 Beastly Appendage        Tmut           24%        N/A       4%          1
 Wereblood                Tmut           12%        N/A       8%          2
 Petrify                  Tmut/Erth      33%        N/A       9%          4
 Spider Form              Tmut/Pois      10%        N/A       17%         3
 Borgnjor's Vile Clutch   Necr/Erth      15%        N/A       30%         5
 Animate Dead             Necr           8%         N/A       54%         4
 Death Channel            Necr           4%         N/A       100%        6


Dungeon Overview and Level Annotations

Branches:
Dungeon (9/15)             Temple (1/1) D:7            Lair (0/5) D:9
    Orc: D:9-12

Altars:
Ashenzari
Cheibriados
Dithmenos
Elyvilon
Fedhas
Gozag
Hepliaklqana
Kikubaaqudgha
Makhleb
Nemelex Xobeh
Okawaru
Qazlal
Ru
Sif Muna
Trog
Uskayaw
Wu Jian
Zin
The Shining One

Shops:
D:8 =:

Portals:
Abyss: D:4

Annotations:
D:4 2 transporters, DoomGuy's ghost, amateur HuFi
D:9 3 runed translucent doors, wormed's ghost, journeyman MiBe


Innate Abilities, Weirdness & Mutations

You are immune to sickness and miasma.
Your stone body is resilient. (AC +7)
You are immune to poison.
You resist negative energy. (rN+)
You are resistant to electric shocks. (rElec)
You are resistant to unholy torment.
You are immune to petrification.


Message History

The orc warrior shoots a bolt.
The bolt hits you!!
You are too confused!
The orc warrior shouts!
The orc warrior shoots a bolt.
The bolt hits you!
The orc warrior unwields a +0 halberd.
The orc warrior wields a +0 arbalest.
The orc warrior shoots a bolt.
The bolt barely misses you.
The orc warrior shoots a bolt.
The bolt barely misses you.
The orc wizard casts a spell.
The orc wizard flickers and vanishes!
Deactivating autopickup; reactivate with Ctrl-A.
You are too confused!
You're too confused to move!
You hear some strange, mumbled words.
A puff of flame appears from out of thin air!
The puff of flame misses you.
You feel less confused.
Really read the scroll of immolation?
As you read the scroll of immolation, it crumbles to dust.
The creatures around you are filled with an inner flame!
The orc hits you with a +0 hand axe of electrocution.
There are monsters nearby!
There are monsters nearby!
There are monsters nearby!
There are monsters nearby!
Aiming: Sandblast (safe; 1% risk of failure)
Press: ? - help, Q - select action, (/) - cycle Shift-Dir - straight line, f - orc
Aim: an orc, wielding a +0 hand axe of electrocution and wearing a +0 leather armour (inner flame, 85% to hit)
The blast of sand hits the orc!
The orc explodes!
The fiery explosion engulfs the orc warrior!
Flame seeps out of the orc warrior.
The orc warrior is severely wounded.
The fiery explosion engulfs something!!
Reactivating autopickup.
You feel a bit more experienced. The fiery explosion engulfs you.
The orc wizard explodes!
The fiery explosion engulfs you!!
* * * LOW HITPOINT WARNING * * *
You are engulfed in blazing flames.
You die...

#.....#.....#...≈§_≈≈.#........
#######.##..##.§≈≈§≈≈.# .......
####.##+###...≈§≈..# #######
#....# +......... #...†#
......... # ##...# .........
#..##...##+###.....
#.......##..##..#
#.....>.....§.@§##...
#...........§§§§......
#..##...##..o§§§.$.... #..
######............ #.
o.o....oo.....<(...
......o)...........
....$........##....
##.###.###.### ##.. #. .. ...


You could see 2 orc warriors and 2 orcs.

Vanquished Creatures
  A hornet (D:8)
  9 yaks
  A steam dragon (D:7)
  A water moccasin (D:6)
  A black bear (D:7)
  2 ice beasts
  An ogre (D:7)
  A centaur (D:9)
  2 bullfrogs
  3 necrophages
  2 scorpions
  2 wights (D:9)
  A howler monkey (D:9)
  A crimson imp (D:4)
  6 orc priests
  3 jellies
  Crazy Yiuf (D:7)
  A gnoll bouda (D:8)
  4 hounds
  6 iguanas
  11 orc wizards
  A mummy (D:7)
  3 gnolls (D:8)
  2 adders
  A shadow imp (D:7)
  2 white imps
  3 ufetubi
  A worm (D:3)
  4 dart slugs
  30 orcs
  5 ball pythons
  5 endoplasms
  2 giant cockroaches
  4 goblins
  5 hobgoblins
  4 quokkas
  2 bats
  3 frilled lizards
  11 kobolds
  3 rats
151 creatures vanquished.

Vanquished Creatures (others)
  2 fungi (D:9)
  2 plants (D:9)
4 creatures vanquished.

Grand Total: 155 creatures vanquished

Notes
Turn   | Place    | Note
-------+----------+-------------------------------------------
     0 | D:1      | Radix the Gargoyle Earth Elementalist began the quest for
                  | the Orb.
     0 | D:1      | Reached XP level 1. HP: 10/10 MP: 3/3
   166 | D:1      | Reached skill level 4 in Earth Magic
   166 | D:1      | Reached XP level 2. HP: 13/15 MP: 1/5
   660 | D:1      | Reached XP level 3. HP: 19/19 MP: 4/6
  1258 | D:2      | Found a faded altar of an unknown god.
  1709 | D:3      | Reached skill level 1 in Conjurations
  1709 | D:3      | Reached XP level 4. HP: 24/24 MP: 1/8
  1875 | D:3      | Reached skill level 5 in Earth Magic
  2010 | D:3      | Reached XP level 5. HP: 28/28 MP: 9/9
  2712 | D:4      | Found a one-way gate to the infinite horrors of the Abyss.
  2712 | D:4      | Noticed DoomGuy's ghost (amateur HuFi)
  2717 | D:4      | Found a transporter.
  2724 | D:4      | Noticed a kobold brigand
  2744 | D:4      | Noticed a small abomination
  2756 | D:4      | Found a transporter.
  2767 | D:4      | Reached skill level 1 in Fighting
  2774 | D:4      | Reached skill level 1 in Maces & Flails
  2841 | D:4      | Reached XP level 6. HP: 34/34 MP: 6/11
  3012 | D:4      | Noticed a small abomination
  3071 | D:4      | Found an ancient bone altar of Kikubaaqudgha.
  3442 | D:5      | Entered Level 5 of the Dungeon
  3585 | D:5      | Reached XP level 7. HP: 38/40 MP: 10/12
  3637 | D:5      | Found a hazy altar of Hepliaklqana.
  3777 | D:5      | Reached skill level 6 in Earth Magic
  3994 | D:5      | Found a stormy altar of Qazlal.
  4003 | D:5      | Found a bloodstained altar of Trog.
  4453 | D:6      | Reached XP level 8. HP: 37/46 MP: 12/14
  4635 | D:6      | Learned a level 3 spell: Stone Arrow
  4950 | D:6      | Found a glowing golden altar of the Shining One.
  5005 | D:7      | Reached skill level 7 in Earth Magic
  5118 | D:7      | Reached skill level 5 in Spellcasting
  5122 | D:7      | Reached skill level 5 in Conjurations
  5247 | D:7      | Identified the +3 falchion of the Flying Asp {elec, Will++
                  | Str+5 Int-2}
  5268 | D:7      | Found a runed translucent door.
  5269 | D:7      | Noticed Crazy Yiuf
  5277 | D:7      | Killed Crazy Yiuf
  5338 | D:7      | Found a staircase to the Ecumenical Temple.
  5346 | D:7      | Reached XP level 9. HP: 27/52 MP: 14/17
  5362 | Temple   | Entered the Ecumenical Temple
  5773 | D:7      | Found a snail-covered altar of Cheibriados.
  5855 | D:7      | Found a broken altar of Ashenzari.
  6282 | D:8      | Noticed a hornet
  6292 | D:8      | Killed a hornet
  6374 | D:8      | Reached skill level 5 in Fighting
  6390 | D:8      | Found Befahegh's Book Emporium.
  7295 | D:8      | Found Quuzo's Jewellery Emporium.
  7353 | D:8      | Reached skill level 5 in Maces & Flails
  7353 | D:8      | Reached skill level 8 in Earth Magic
  7570 | D:9      | Found a runed translucent gate.
  7571 | D:9      | Found a runed translucent gate.
  7571 | D:9      | Noticed wormed's ghost (journeyman MiBe)
  7571 | D:9      | Noticed a kobold demonologist
  7572 | D:9      | Found a runed translucent gate.
  7572 | D:9      | Noticed a kobold demonologist
  7661 | D:9      | Found a staircase to the Lair.
  7715 | D:9      | Found a blossoming altar of Fedhas.
  7759 | D:9      | Reached XP level 10. HP: 49/60 MP: 17/19
  7994 | D:9      | Engulfed by a cloud of flame

Illustrated notes

Levels and vault maps discovered:
D:1:      mrwooster_arrival_statue_3, layout_basic, minmay_misc_feat_rows,
          minmay_door_square, minivault_27, minivault_23
D:2:      layout_basic, shapermc_ecumenical_altar_totnotflames, nicolae_titane
D:3:      layout_loops_cross
D:4:      layout_basic, mainiacjoe_overflow_24_doors,
          gammafunk_ghost_abyssal_escape, minmay_fire_ice_demons
D:5:      layout_loops_cross, worldfamousw_hep_ancestral_shrine,
          mainiacjoe_overflow_swirl, st_stairs_9
D:6:      layout_basic, tso_oasis_becter
D:7:      layout_loops_ring, slow_altar_2, mainiacjoe_overflow_brackets,
          minmay_temple_entry_glass, uniq_crazy_yiuf_cottage
D:8:      layout_basic, serial_shops, kennysheep_mini, nicolae_diamond_shop
D:9:      old_forge, layout_gridville, mainiacjoe_overflow_alcove_1,
          mainiacjoe_overflow_catwalk, lair_entry_dummy,
          gammafunk_ghost_nasty_kobolds, nicolae_concentric_dashed_squares_mild,
          solitary_fountain, uniq_maurice
Temple:   grunt_temple_mini_profane

Skill      XL: |  1  2  3  4  5  6  7  8  9 |
---------------+----------------------------+-----
Earth Magic    | 4 5 6 7 8 |  8.8
Spellcasting   | 3 4 5 6 |  6.5
Conjurations   | 1 2 3 4 5 6 |  6.9
Fighting       | 1 2 3 4 6 |  6.4
Maces & Flails | 1 2 3 4 5 |  5.9
Dodging        | |  1.5
Stealth        | |  2.1
Transmutations | |  0.7

Action                   |  1- 3 |  4- 6 |  7- 9 | 10-12 || total
-------------------------+-------+-------+-------+-------++-------
Melee: Unarmed           |     1 |       |       |       ||     1
       Whip              |     1 |    74 |    10 |       ||    85
       Punch             |       |     2 |     1 |       ||     3
       Flail             |       |       |    75 |     7 ||    82
 Cast: Sandblast         |    41 |    46 |    89 |    11 ||   187
  Use: Scroll            |     5 |       |    13 |     1 ||    19
       Potion            |       |       |       |     1 ||     1
 Stab: Sleeping          |       |     4 |       |       ||     4
Armor: Robe              |     6 |    34 |    36 |     4 ||    80
Dodge: Dodged            |     8 |    60 |    52 |     8 ||   128
